AoeStats
← Pwncakes

African Clearing

506932936Analyzed
3v3 RM · 18d ago on Sep 15, 2026· 47m 12s· 6 players
Game mode
Random Map
Map size
Normal (6 player)
Population
200
Speed
Normal
Resources
Standard
Victory
Conquest
Starting age
Dark Age
Ending age
Imperial Age
RankedLock teamsTeams togetherTeam positionsShared explorationLock speedFull tech treeHidden civsTurbo modeCheats
Victory
Defeat
🇺🇸 Armenians · United States
1308
+14
🇩🇪 Gurjaras · Germany
1244
+17
🇺🇸 Chinese · United States
1202
+20
🇦🇷 Bulgarians · Argentina
1287
-18
🇦🇷 Hindustanis · Argentina
1286
-18
🇦🇷 Wu · Argentina
1232
-15
Niimiiitzz'
6:14 Loom
12:42 Feudal Age
20:14 Castle Age
21:07 Double-Bit Axe
27:36 Padded Archer Armor
29:06 Forging
29:22 Scale Mail Armor
30:43 Iron Casting
31:46 Leather Archer Armor
32:46 Chain Mail Armor
32:52 Gold Mining
33:47 Arson
34:17 Town Watch
35:43 Squires
37:37 Fletching
44:17 Imperial Age
43:34 Gold Shaft Mining
42:49 Stone Mining
42:45 Horse Collar
45:32 Plate Mail Armor
46:03 Blast Furnace
Mayhem
4:01 Loom
13:00 Feudal Age
17:42 Castle Age
15:59 Double-Bit Axe
16:49 Scale Mail Armor
17:45 Arson
19:23 Forging
21:16 Town Watch
22:08 Squires
23:17 Wheelbarrow
24:11 Chain Mail Armor
24:00 Horse Collar
25:07 Gambesons
26:00 Iron Casting
25:46 Fletching
26:35 Heavy Plow
26:46 Bow Saw
27:25 Gold Mining
28:20 Bodkin Arrow
29:34 Scale Barding Armor
33:59 Bloodlines
33:50 Husbandry
44:23 Hand Cart
47:14 Ballistics
Mark Renton
9:38 Loom
13:41 Feudal Age
14:22 Town Watch
14:29 Double-Bit Axe
14:54 Horse Collar
17:24 Castle Age
15:17 Gold Mining
17:41 Fletching
18:01 Scale Barding Armor
21:16 Fletching
26:34 Wheelbarrow
30:17 Bow Saw
30:08 Heavy Plow
30:44 Gold Shaft Mining
30:50 Bodkin Arrow
32:10 Hand Cart
32:49 Grand Trunk Road
36:18 Imperial Age
37:58 Chemistry
37:03 Shatagni
37:23 Conscription
36:38 Heavy Camel Rider
38:10 Bloodlines
38:01 Husbandry
38:22 Chain Barding Armor
40:05 Murder Holes
40:31 Ballistics
43:05 Imperial Camel Rider
47:09 Plate Barding Armor
DodgeViper97410
4:01 Loom
12:37 Feudal Age
12:58 Man-at-Arms
13:31 Double-Bit Axe
16:25 Arson
20:16 Scale Mail Armor
23:06 Castle Age
21:59 Forging
30:52 Fletching
32:20 Bodkin Arrow
32:21 Long Swordsman
34:00 Padded Archer Armor
36:59 Wheelbarrow
37:25 Squires
37:47 Leather Archer Armor
41:23 Imperial Age
42:38 Conscription
42:58 Bracer
43:35 Ring Archer Armor
44:17 Chemistry
46:51 Elite Chu Ko Nu
Pwncakes
15:10 Feudal Age
15:55 Double-Bit Axe
15:51 Fishing Lines
16:12 Loom
17:23 Gold Mining
18:50 Wheelbarrow
19:11 Man-at-Arms
20:00 Arson
20:16 Scale Mail Armor
22:46 Castle Age
20:18 Long Swordsman
20:44 Arson
21:22 Scale Mail Armor
23:32 Squires
23:52 Chain Mail Armor
23:56 Forging
23:21 Two-Handed Swordsman
23:58 Gambesons
25:19 Gillnets
28:19 Hand Cart
31:47 Champion
33:10 Iron Casting
33:35 Stone Mining
33:55 Bow Saw
34:25 Gold Shaft Mining
36:06 Horse Collar
41:52 Imperial Age
41:37 Town Watch
41:57 Heavy Plow
41:53 Capped Ram
43:07 Plate Mail Armor
43:38 Blast Furnace
44:42 Chemistry
43:53 Masonry
43:24 Siege Ram
45:36 Fereters
45:51 Conscription
45:57 Fletching
46:08 Padded Archer Armor
Vespuccio
8:39 Loom
14:18 Feudal Age
15:34 Town Watch
17:09 Double-Bit Axe
20:55 Castle Age
20:26 Gold Mining
21:43 Bloodlines
23:06 Horse Collar
27:29 Wheelbarrow
27:18 Bow Saw
28:25 Fletching
30:04 Hand Cart
30:24 Heavy Plow
30:41 Stone Mining
35:32 Imperial Age
33:39 Bodkin Arrow
34:08 Ballistics
34:29 Gold Shaft Mining
34:34 Padded Archer Armor
34:38 Husbandry
36:17 Bracer
38:06 Chemistry
38:19 Leather Archer Armor
38:16 Thumb Ring
39:18 Elite Elephant Archer
42:00 Conscription
41:16 Siege Elephant
45:50 Masonry
45:20 Treadmill Crane
Connection lost

Rejoining the realm…

Still unreachable

The connection could not be restored.

Session expired

The server has moved on; the page needs a fresh start.